 Dungeon Crawl Stone Soup version 0.27-a0-1119-gbf574a6a6b (webtiles) character file.

Game seed: 3725111626531060644

886 Zeld the Chucker (level 8, -5/54 HPs)
             Began as an Octopode Fighter on May 2, 2021.
             Slain by an ogre
             ... wielding a +0 giant club
              (17 damage)
             ... on level 5 of the Dungeon.
             The game lasted 00:05:42 (6210 turns).

Zeld the Chucker (Octopode Fighter)                 Turns: 6210, Time: 00:05:42

Health: -5/54      AC:  1    Str: 21    XL:     8   Next: 5%
Magic:  8/8        EV: 11    Int: 11    God:
Gold:   265        SH:  9    Dex: 11    Spells: 7/7 levels left

rFire    . . .     SeeInvis .   a - +0 war axe
rCold    . . .     Faith    .   b - +0 kite shield
rNeg     . . .     Spirit   .   (helmet restricted)
rPois    .         Reflect  .   (no amulet)
rElec    .         Harm     .   o - ring of Lucidity {Wiz Str+4}
rCorr    .         Rampage  .   p - ring of willpower
Will     +....                  (no ring)
Stlth    ++........             (no ring)
HPRegen  0.18/turn              (no ring)
MPRegen  0.11/turn              (no ring)
                                (no ring)
                                (no ring)

@: no status effects
A: almost no armour, amphibious, 8 rings, camouflage 1, gelatinous body 1,
(nimble swimmer 1), tentacles
a: no special abilities


You were on level 5 of the Dungeon.
You visited 1 branch of the dungeon, and saw 5 of its levels.

You collected 265 gold pieces.

Inventory:

Hand Weapons
 a - a +0 war axe (weapon)
Missiles
 m - 2 boomerangs (quivered)
Armour
 b - a +0 kite shield (worn)
Jewellery
 o - the ring of Lucidity (left tentacle) {Wiz Str+4}
   (You found it on level 4 of the Dungeon)

   [ring of wizardry]

   It improves your spell success rate.
   It affects your strength (+4).
 p - a ring of willpower (right tentacle)
Scrolls
 d - a scroll of summoning {unknown}
 f - a scroll of blinking {unknown}
 h - 7 scrolls of identify {unknown}
 i - 2 scrolls of amnesia {unknown}
 k - a scroll of silence {unknown}
 n - a scroll of vulnerability {unknown}
 r - a scroll of fog {unknown}
 v - a scroll of noise {unknown}
Potions
 c - 3 potions of might
 e - a potion of berserk rage {unknown}
 g - a potion of lignification {unknown}
 j - a potion of mutation {unknown}
 l - a potion of cancellation {unknown}
 q - a potion of haste {unknown}
 s - 4 potions of attraction {unknown}
 t - a potion of flight {unknown}
 w - 2 potions of resistance {unknown}


   Skills:
 - Level 4.1 Fighting
 - Level 3.4 Axes
 * Level 7.2 Throwing
 - Level 3.0 Dodging
 - Level 4.1 Shields


You had 7 spell levels left.
You didn't know any spells.
Your spell library contained the following spells:

 Spells                   Type           Power      Damage    Failure   Level
 Corona                   Hex            0%         N/A       47%         1
 Corpse Rot               Necr/Air       N/A        N/A       61%         2
 Sublimation of Blood     Necr           0%         N/A       61%         2
 Confusing Touch          Hex            0%         N/A       83%         3
 Gell's Gravitas          Tloc           0%         N/A       83%         3
 Petrify                  Tmut/Erth      0%         N/A       99%         4
 Metabolic Englaciation   Hex/Ice        0%         N/A       100%        5
 Yara's Violent Unravell  Hex/Tmut       0%         3d3       100%        5


Dungeon Overview and Level Annotations

Branches:
Dungeon (5/15)
 Temple: D:4-7

Altars:
Fedhas
Nemelex Xobeh
Trog
Vehumet

Annotations:
D:5 Dowan


Innate Abilities, Weirdness & Mutations

You cannot wear most types of armour.
You are amphibious.
You can wear up to eight rings at the same time.
Your skin changes colour to match your surroundings (Stealth+).
Your rubbery body absorbs attacks. (AC +1, EV +1)
((You are camouflaged near water. (Stealth+)))
You have tentacles for arms and can constrict up to eight enemies at once.


Message History

You are too injured to fight recklessly!
You are too injured to fight recklessly!
Duvessa gestures with her weapon.
Duvessa says, "I don't care about looks, I care about technique!"
Dowan mumbles some strange words.
Dowan blinks!
Dowan mumbles some strange words.
Dowan blinks!
Dowan casts a spell.
Dowan blinks!
Things that are here:
a +0 halberd; a +0 robe Duvessa says, "Where magic fails, the sword succeeds!"
You block Duvessa's attack.
Dowan points at Duvessa and mumbles some strange words.
Duvessa seems to speed up.
You slash Duvessa! You grab Duvessa.
Duvessa is almost dead.
You constrict Duvessa.
You kill Duvessa!
You hear a distant wail of despair.
Your Throwing skill increases to level 7!
You have reached level 8!
There is a stone staircase leading up here.
You barely miss the ogre.
The ogre is severely wounded.
The ogre misses you.
You barely miss the ogre.
The ogre is severely wounded.
The ogre hits you with a +0 giant club!!
* * * LOW HITPOINT WARNING * * *
You hear a shout!
You are too injured to fight recklessly!
Press: ? - help, v - describe, . - travel
Here: an ogre, wielding a +0 giant club (severely wounded)
The floor.
You hit the ogre.
The ogre is almost dead.
The ogre hits you with a +0 giant club!
You die...

#... #. #### #. # #.
# #. ### #.## #.) ..#
#.# #.#### ########.#
#.##@##.## #......#.#
#....O.#)###.#..e...#
####..###......##.###
#.#.#.###.####.#
...##.## #.####.#
######## #......#
########


You could see an ogre.

Vanquished Creatures
  Duvessa (D:5)
  2 necrophages (D:4)
  An ogre (D:4)
  Blork the orc (D:5)
  A centaur zombie (D:3)
  A jelly (D:5)
  3 hounds
  A bullfrog skeleton (D:4)
  2 orc wizards (D:5)
  12 adders
  An adder zombie (D:3)
  5 worms
  3 dart slugs
  10 orcs
  4 bats
  7 endoplasms
  3 giant cockroaches
  5 goblins
  6 hobgoblins
  5 jackals
  5 quokkas
  10 ball pythons
  A frilled lizard (D:3)
  7 kobolds
  3 rats
100 creatures vanquished.

Notes
Turn   | Place    | Note
-------+----------+-------------------------------------------
     0 | D:1      | Zeld the Octopode Fighter began the quest for the Orb.
     0 | D:1      | Reached XP level 1. HP: 16/16 MP: 1/1
   182 | D:1      | Reached XP level 2. HP: 13/21 MP: 2/2
   836 | D:1      | Reached XP level 3. HP: 20/26 MP: 3/3
  1784 | D:2      | Reached XP level 4. HP: 18/33 MP: 4/4
  2330 | D:3      | Identified the Guide on Enthralling Evil
  2675 | D:3      | Found a radiant altar of Vehumet.
  3143 | D:3      | Reached XP level 5. HP: 19/37 MP: 5/5
  3409 | D:3      | Found a large runed translucent door.
  3413 | D:3      | Found a large runed translucent door.
  3469 | D:3      | Found a blossoming altar of Fedhas.
  3474 | D:3      | Found a bloodstained altar of Trog.
  3599 | D:3      | Found a faded altar of an unknown god.
  3801 | D:4      | Reached skill level 1 in Throwing
  3823 | D:4      | Identified the ring of Lucidity {Wiz Str+4}
  3856 | D:4      | Noticed a necrophage
  3864 | D:4      | Killed a necrophage
  3865 | D:4      | Reached skill level 3 in Throwing
  3865 | D:4      | Reached XP level 6. HP: 29/43 MP: 6/6
  4048 | D:4      | Noticed a necrophage
  4056 | D:4      | Killed a necrophage
  4057 | D:4      | Reached skill level 4 in Throwing
  4577 | D:4      | Reached XP level 7. HP: 48/48 MP: 7/7
  4616 | D:4      | Reached skill level 5 in Throwing
  5563 | D:4      | Found a sparkling altar of Nemelex Xobeh.
  5605 | D:5      | Entered Level 5 of the Dungeon
  5696 | D:5      | Noticed Blork the orc
  5713 | D:5      | Killed Blork the orc
  5714 | D:5      | Reached skill level 6 in Throwing
  6154 | D:5      | Noticed Duvessa
  6160 | D:5      | Noticed Dowan
  6204 | D:5      | Killed Duvessa
  6205 | D:5      | Reached skill level 7 in Throwing
  6205 | D:5      | Reached XP level 8. HP: 32/54 MP: 8/8
  6210 | D:5      | Slain by an ogre

Illustrated notes

Levels and vault maps discovered:
D:1:      minmay_arrival_glassed_features, layout_loops_ring
D:2:      layout_rooms
D:3:      layout_loops_ring, lemuel_round_altar, jmf_multi_god_temple2,
          chequers_ecumenical_altar_lobes, minmay_misc_feat_five, minivault_25
D:4:      minmay_inner_zag, layout_rooms, nemelex_dance_club_becter,
          minmay_snake_closets
D:5:      layout_loops_cross, uniq_blork_the_orc, uniq_duvessa

Skill      XL: |  1  2  3  4  5  6  7 |
---------------+----------------------+-----
Axes           | 3 |  3.4
Fighting       | 4 |  4.1
Shields        | 4 |  4.1
Throwing       | 3 4 7 |  7.2
Dodging        | |  3.0

Action                   |  1- 3 |  4- 6 |  7- 9 || total
-------------------------+-------+-------+-------++-------
Melee: War axe           |    59 |    89 |    41 ||   189
       Constrict         |    19 |    29 |    10 ||    58
       Tentacles         |    16 |    19 |    11 ||    46
Throw: Dart              |       |       |    10 ||    10
       Boomerang         |       |       |     9 ||     9
 Stab: Sleeping          |     4 |     8 |       ||    12
       Distracted        |       |     1 |       ||     1
Armor: Skin              |     4 |     9 |     2 ||    15
Dodge: Dodged            |    22 |    42 |    25 ||    89
Block: Kite shield       |    21 |    53 |    26 ||   100

Table legend: (Time is in decaauts)
 A = Elapsed time spent in this place.
 B = Non-inter-level travel time spent in this place.
 C = Inter-level travel time spent in this place.
 D = Time resting spent in this place.
 E = Time spent auto-exploring this place.
 F = Levels seen in this place.
 G = Mean time per level.
                   A        B        C        D        E       F      G
               +--------+--------+--------+--------+--------+-----+--------+
         Total |   6320 |   6188 |    132 |    798 |   4377 |   5 | 1264.0 |
       Dungeon |   6320 |   6188 |    132 |    798 |   4377 |   5 | 1264.0 |
               +--------+--------+--------+--------+--------+-----+--------+

Top non-repeatable levels by time:
     D:4: 1709 daAuts
     D:3: 1514 daAuts
     D:2: 1418 daAuts
     D:1: 1057 daAuts
     D:5: 619 daAuts
